[Event "*** Titled Tuesday Blitz"]
[Site "Chess.com"]
[Date "2019.06.04"]
[Round "5"]
[White "bracuarta"]
[Black "TheBigBadChessDad"]
[Result "1-0"]
[WhiteElo "2116"]
[BlackElo "2151"]
[TimeControl "180+2"]
[EndTime "14:03:22 PDT"]
[Termination "bracuarta won by resignation"]

1. d4 Nf6 2. c4 e6 3. Nc3 Bb4 4. e3 Bxc3+ 5. bxc3 c5 6. Bd3 d6 7. e4 e5 8. Ne2 Nc6 9. O-O O-O 10. d5 Ne7 11. f4 exf4 12. Bxf4 Ne8 13. Ng3 Ng6 14. Nf5 Bxf5 15. exf5 Nxf4 16. Rxf4 f6 17. Qh5 Rf7 18. Rh4 h6 19. Qg6 Kf8 20. Re1 Re7 21.
Re6 Nc7 22. Rxh6 Kg8 23. Qh7+ Kf7 24. Rhxf6+ Ke8 25. Qg8+ Kd7 26. Rxd6+ 1-0

[Event "*** Titled Tuesday Blitz"]
[Site "Chess.com"]
[Date "2019.06.04"]
[Round "5"]
[White "TonRicher"]
[Black "RitvarsReimanis"]
[Result "1/2-1/2"]
[WhiteElo "2370"]
[BlackElo "2621"]
[TimeControl "180+2"]
[EndTime "14:03:27 PDT"]
[Termination "Game drawn by agreement"]

1. d4 e6 2. Nf3 d5 3. c4 c6 4.
e3 f5 5. Nc3 Nf6 6. Bd3 Bd6 7.
Qc2 Ne4 8. Ne2 O-O 9. a3 Nd7 10. b4 a6 11. Bb2 Qf6 12. g3 g5 13.
h4 g4 14. Nd2 h5 15. Nf4 Bxf4 16. exf4 Nd6 17. O-O Qf7 18. Rfe1 Nf6 19. f3 Bd7 20. Kh2 b5 21. c5 Nc4 22. Nxc4 dxc4 23. Be2 Nd5 24.
fxg4 hxg4 25. Bf1 Rae8 26. Bg2 Qg6 27. Re5 Kf7 28. Rae1 Rh8 29. Kg1 Rhf8 30. Kf2 Rc8 31. Rh1 Rh8 32. Bc1 Ra8 33. Bxd5 cxd5 34. Bd2 1/2-1/2

[Event "*** Titled Tuesday Blitz"]
[Site "Chess.com"]
[Date "2019.06.04"]
[Round "5"]
[White "vlad10898"]
[Black "Berardino"]
[Result "0-1"]
[WhiteElo "2596"]
[BlackElo "2560"]
[TimeControl "180+2"]
[EndTime "14:03:41 PDT"]
[Termination "Berardino won by resignation"]

1. e4 c5 2. Nf3 b6 3. d4 cxd4 4. Nxd4 Bb7 5. Nc3 Nf6 6. Bd3 Nc6 7. Be3 e6 8. O-O Bc5 9. Nxc6 Bxc6 10. Bxc5 bxc5 11.
e5 Nd5 12. Ne4 O-O 13. Qh5 h6 14. Rae1 Qb8 15. c4 Nf4 16. Qf3 Qxe5 17. b3 f5 18.
Nf6+ Rxf6 19. Qxc6 dxc6 0-1

[Event "*** Titled Tuesday Blitz"]
[Site "Chess.com"]
[Date "2019.06.04"]
[Round "5"]
[White "Marcus_Harvey"]
[Black "FERNANDEZL1983"]
[Result "0-1"]
[WhiteElo "2614"]
[BlackElo "2442"]
[TimeControl "180+2"]
[EndTime "14:03:46 PDT"]
[Termination "FERNANDEZL1983 won by checkmate"]

1. d4 Nf6 2. Nf3 g6 3. c4 Bg7 4. Nc3 O-O 5. e4 d6 6. Bg5 Bg4 7. Be2 h6 8. Be3 Nc6 9. Qd2 Bxf3 10. gxf3 e5 11. d5 Nd4 12. O-O-O Nh5 13. h4 c5 14. dxc6 bxc6 15. Bxh6 Rb8 16. Bxg7 Kxg7 17. Rdg1 Qa5 18. Bd1 Rb6 19. f4 Nxf4 20. h5 Rfb8 21. hxg6 fxg6 22. Na4 Rb4 23. Rg4 Rxc4+ 24. Nc3 Qxa2 25. Rxf4 Qa1# 0-1

[Event "*** Titled Tuesday Blitz"]
[Site "Chess.com"]
[Date "2019.06.04"]
[Round "5"]
[White "riconaipe"]
[Black "Borsuk_Konstantin"]
[Result "1-0"]
[WhiteElo "2583"]
[BlackElo "2592"]
[TimeControl "180+2"]
[EndTime "14:03:51 PDT"]
[Termination "riconaipe won on time"]

1. d4 Nf6 2. c4 e6 3. Nc3 Bb4 4. Nf3 b6 5. Bg5 h6 6. Bh4 Bb7 7. Nd2 O-O 8. e3 d6 9. f3 Nbd7 10. Bd3 Bxc3 11. bxc3 Qe8 12. O-O e5 13. Qc2 g6 14. Rae1 Kg7 15. e4 Nh5 16. Bg3 g5 17. Rf2 Ndf6 18. Nf1 Bc8 19. Ne3 Kh7 20. Nd5 Nxd5 21.
cxd5 f6 22. c4 exd4 23. e5+ f5 24. Rfe2 Nxg3 25. hxg3 Qg6 26. g4 1-0

[Event "*** Titled Tuesday Blitz"]
[Site "Chess.com"]
[Date "2019.06.04"]
[Round "5"]
[White "ChainsOfFantasia"]
[Black "Tjktiger"]
[Result "0-1"]
[WhiteElo "2494"]
[BlackElo "2715"]
[TimeControl "180+2"]
[EndTime "14:03:52 PDT"]
[Termination "Tjktiger won by resignation"]

1. d4 d6 2. Nf3 g6 3. c4 Nf6 4. Nc3 Bf5 5. Nh4 Bd7 6. g3 Bg7 7. Bg2 Nc6 8. O-O O-O 9. h3 Qc8 10. Kh2 Nxd4 11. Nd5 Nxd5 12. cxd5 c6 13. e3 Nb5 14. a4 Nc7 15. e4 cxd5 16. exd5 b5 17. axb5 Nxb5 18. Re1 Re8 19. Bg5 Bxb2 20. Ra2 Bf6 21.
Bxf6 exf6 22. Rxe8+ Qxe8 23. Bf1 Nc3 24. Qb3 Nxa2 25.
Qxa2 Bb5 26. Bg2 Qe2 27. Qa1 Qxf2 28. Kh1 Re8 29. Nf3 Re2 30. Nh4 Re1+ 0-1

[Event "*** Titled Tuesday Blitz"]
[Site "Chess.com"]
[Date "2019.06.04"]
[Round "5"]
[White "LiamVrolijk"]
[Black "LastHeroJr"]
[Result "1-0"]
[WhiteElo "2741"]
[BlackElo "2509"]
[TimeControl "180+2"]
[EndTime "14:04:08 PDT"]
[Termination "LiamVrolijk won by resignation"]

1. c4 e5 2. Nc3 Nf6 3. Nf3 Nc6 4. g3 d5 5. cxd5 Nxd5 6. Bg2 Nb6 7. O-O Be7 8. d3 O-O 9. Be3 Re8 10. Rc1 Bf8 11. Ne4 Nd4 12. Bxd4 exd4 13. Nfd2 c6 14. Nb3 a5 15.
Nbc5 Re5 16. f4 Re8 17. f5 Nd5 18. Qd2 Ne3 19. f6 Nxf1 20. Rxf1 g6 21. Rf4 a4 22. Rh4 b6 23. Qf4 h5 24. Rxh5 bxc5 25. Qh4 gxh5 26.
Qg5+ Kh7 27. Qxh5+ Bh6 28. Ng5+ 1-0

[Event "*** Titled Tuesday Blitz"]
[Site "Chess.com"]
[Date "2019.06.04"]
[Round "5"]
[White "MarcoRiehle"]
[Black "Muracle"]
[Result "0-1"]
[WhiteElo "2532"]
[BlackElo "2560"]
[TimeControl "180+2"]
[EndTime "14:04:10 PDT"]
[Termination "Muracle won by resignation"]

1. e4 c5 2. Nf3 Nc6 3. d4 cxd4 4. Nxd4 e5 5. Nb5 d6 6. c4 a6 7. N5c3 Be7 8. Na3 f5 9. exf5 Bxf5 10. Bd3 Be6 11. O-O Nf6 12. Be3 O-O 13. Nd5 e4 14. Bc2 Bxd5 15. cxd5 Ne5 16. Qd4 Qd7 17. Rac1 Qg4 18.
Bd1 Qg6 19. f4 Nfg4 20. fxe5 dxe5 21. Rxf8+ Rxf8 22. Qd2 Nxe3 23. Qxe3 Bg5 24. Qc3 Bxc1 25. Qxc1 Qb6+ 0-1

[Event "*** Titled Tuesday Blitz"]
[Site "Chess.com"]
[Date "2019.06.04"]
[Round "5"]
[White "jefferyx"]
[Black "MarianPetrov"]
[Result "1-0"]
[WhiteElo "2903"]
[BlackElo "2621"]
[TimeControl "180+2"]
[EndTime "14:04:27 PDT"]
[Termination "jefferyx won by resignation"]

1. d4 g6 2. e4 Bg7 3. Nf3 d6 4. Bd3 Nf6 5. O-O O-O 6. Nbd2 c5 7. dxc5 dxc5 8. e5 Ng4 9. Nc4 Nc6 10. Bf4 b5 11. Be4 Bb7 12. Ncd2 Qc7 13. Re1 Rad8 14. h3 Nh6 15. Bh2 Nf5 16. e6 Qb6 17. exf7+ Rxf7 18. Ng5 Rf6 19. c3 c4 20. Qe2 Bh6 21. Ndf3 Ng7 22. Rad1 Rff8 23. Bd5+ Kh8 24. Nf7+ Rxf7 25. Bxf7 Nf5 26. Ne5 Rf8 27. Nd7 1-0

[Event "*** Titled Tuesday Blitz"]
[Site "Chess.com"]
[Date "2019.06.04"]
[Round "5"]
[White "Aragon"]
[Black "FairChess_on_YouTube"]
[Result "0-1"]
[WhiteElo "2084"]
[BlackElo "3047"]
[TimeControl "180+2"]
[EndTime "14:04:27 PDT"]
[Termination "FairChess_on_YouTube won by resignation"]

1. e4 g6 2. d4 d6 3. Nc3 Bg7 4. Bc4 a6 5. Bb3 Nc6 6. Nf3 Na5 7.
Bd5 Nf6 8. h3 O-O 9. Qe2 e6 10.
Bb3 b5 11. e5 Nd7 12. exd6 cxd6 13. Bg5 Qc7 14. Ne4 Nxb3 15. axb3 f5 16. Nc3 Nb6 17. h4 e5 18. O-O-O e4 19. Nh2 b4 20. Na4 Nxa4 21. bxa4 Bd7 22. h5 Bxa4 23. hxg6 hxg6 24. g4 Rac8 25.
Rd2 Qa5 26. gxf5 Bb5 0-1

[Event "*** Titled Tuesday Blitz"]
[Site "Chess.com"]
[Date "2019.06.04"]
[Round "5"]
[White "Anaiy"]
[Black "PNEPaul"]
[Result "0-1"]
[WhiteElo "1982"]
[BlackElo "1827"]
[TimeControl "180+2"]
[EndTime "14:04:27 PDT"]
[Termination "PNEPaul won by checkmate"]

1. d4 Nf6 2. c4 c5 3. d5 Ne4 4. Qc2 Qa5+ 5. Nd2 f5 6. f3 Nd6 7. e4 fxe4 8. fxe4 g6 9. Nf3 Bg7 10. Bd3 Na6 11. O-O Nb4 12. Qb3 Nxd3 13. Qxd3 O-O 14.
Nb3 Qc7 15. Bg5 Bxb2 16. Bxe7 Rf7 17. Rab1 Rxe7 18. Rxb2 Nf7 19. Re2 d6 20. Rfe1 Bg4 21. h3 Bxf3 22. gxf3 Ne5 23. Qc3 Rf8 24. Nd2 Qd7 25.
Kg2 Rf4 26. Qe3 Ref7 27. Rf2 Rh4 28. Qg5 Qxh3+ 29. Kg1 Qh1# 0-1

[Event "*** Titled Tuesday Blitz"]
[Site "Chess.com"]
[Date "2019.06.04"]
[Round "5"]
[White "Chempiblinka"]
[Black "Hikaru"]
[Result "0-1"]
[WhiteElo "2213"]
[BlackElo "3200"]
[TimeControl "180+2"]
[EndTime "14:04:28 PDT"]
[Termination "Hikaru won by checkmate"]

1. Nf3 d5 2. g3 g6 3. Bg2 Bg7 4. d3 e5 5. Nbd2 Ne7 6. c4 O-O 7. Rb1 a5 8. b3 Nbc6 9. O-O Re8 10. Bb2 h6 11. a3 Be6 12. Qc2 Qd7 13. Rfc1 d4 14.
Ne4 b6 15. Ba1 g5 16. b4 axb4 17. axb4 f5 18. Ned2 Ng6 19. b5 Nce7 20. e3 dxe3 21. fxe3 g4 22. Ne1 Rad8 23. Nb3 h5 24. d4 exd4 25. exd4 f4 26. Be4 Bf5 27. c5 fxg3 28. hxg3 Bxe4 29. Qxe4 Nf5 30. Qc6 Qf7 31. cxb6 cxb6 32.
Rc2 Nxg3 33. Rf2 Nf4 34. Kh2 Ne4 35. Rf1 g3+ 36. Kh1 Nf2+ 37. Kg1 Re2 38. Rb2 Rde8 39. Qf3 h4 40. Rxe2 Rxe2 41. Nc1 N2h3+ 42. Kh1 Rh2# 0-1

[Event "*** Titled Tuesday Blitz"]
[Site "Chess.com"]
[Date "2019.06.04"]
[Round "5"]
[White "TristanCalistri"]
[Black "NMJeevanK"]
[Result "0-1"]
[WhiteElo "2257"]
[BlackElo "2433"]
[TimeControl "180+2"]
[EndTime "14:04:32 PDT"]
[Termination "NMJeevanK won by resignation"]

1. e4 e5 2. Nf3 Nc6 3. Bc4 Bc5 4. c3 Nf6 5. d3 d6 6. Bb3 h6 7. Nbd2 Bb6 8. Nc4 O-O 9. a4 Be6 10. O-O Bxc4 11. Bxc4 a5 12. Re1 Qd7 13. Bb5 Rae8 14. h3 d5 15. Qe2 Re6 16. Nh4 Qd8 17. Qf3 Nxe4 18. dxe4 Qxh4 19. g3 Qxh3 20. Bf1 Rf6 21. Qxf6 Qxg3+ 22. Kh1 Bxf2 0-1

[Event "*** Titled Tuesday Blitz"]
[Site "Chess.com"]
[Date "2019.06.04"]
[Round "5"]
[White "jacky72"]
[Black "mishanick"]
[Result "1-0"]
[WhiteElo "2730"]
[BlackElo "2996"]
[TimeControl "180+2"]
[EndTime "14:04:41 PDT"]
[Termination "jacky72 won by resignation"]

1. d4 Nf6 2. c4 g6 3. Nc3 d5 4.
Nf3 Bg7 5. h4 c6 6. cxd5 cxd5 7.
Bf4 Nc6 8. Qb3 O-O 9. e3 Qb6 10. Be2 Bf5 11. O-O Qxb3 12. axb3 Rfc8 13. Rfc1 Bf8 14. Nb5 Ne8 15. h5 Bd7 16. hxg6 hxg6 17. Nc3 e6 18. Na4 Na5 19. Bd1 b6 20. Ne5 Bb5 21. Nc3 Nd6 22. Nxg6 fxg6 23. Bxd6 Rxc3 24. bxc3 Bxd6 25. f3 a6 26. Kf2 Rc8 27. g3 Kf7 28.
e4 Be7 29. exd5 exd5 30. f4 Bf6 31. Bf3 Ke6 32. Bg4+ Kd6 33. Bxc8 Nxb3 34. Rcb1 Nxa1 35. Rxa1 a5 36. Rb1 Kc6 37. Bd7+ Kxd7 38. Rxb5 Kc6 39. Rb1 a4 40. Ke3 a3 41. Kd3 g5 42. f5 g4 43. Re1 Kb5 44. Kc2 Kc4 45. Re6 a2 46. Kb2 Bg5 47. Rc6+ Kd3 48. Kxa2 b5 49. Kb3 Ke4 50. f6 Kf3 51. f7 Be7 52. f8=Q+ Bxf8 53. Rf6+ Kxg3 54. Rxf8 Kh2 55. Kb4 g3 56. Kxb5 g2 57.
Kc5 g1=Q 58. Rh8+ Kg2 59. Rg8+ Kf3 60. Rxg1 1-0

[Event "*** Titled Tuesday Blitz"]
[Site "Chess.com"]
[Date "2019.06.04"]
[Round "5"]
[White "SaraciNderim"]
[Black "ellennilssen"]
[Result "1-0"]
[WhiteElo "2862"]
[BlackElo "2047"]
[TimeControl "180+2"]
[EndTime "14:04:42 PDT"]
[Termination "SaraciNderim won by resignation"]

1. b3 Nf6 2. Bb2 d5 3. e3 c5 4. Nf3 a6 5. d4 Nc6 6. Be2 cxd4 7. Nxd4 g6 8. O-O Bg7 9. c4 O-O 10. cxd5 Qxd5 11. Bf3 Qd7 12. Nxc6 bxc6 13. Na3 Qc7 14. Rc1 Bd7 15. Nc4 a5 16. Ne5 Ra6 17. Nxd7 Nxd7 18.
Bxg7 Kxg7 19. Qd4+ Nf6 20. Rc2 Rb8 21. Rfc1 Rbb6 22.
Qc5 a4 23. b4 Qb8 24. a3 Rb5 25. Qc3 c5 26. Be2 cxb4 27. axb4 Rab6 28. Bxb5 Rxb5 29.
Rb1 Kg8 30. Qc8+ 1-0

[Event "*** Titled Tuesday Blitz"]
[Site "Chess.com"]
[Date "2019.06.04"]
[Round "5"]
[White "jk13"]
[Black "Semen_Khanin"]
[Result "0-1"]
[WhiteElo "2536"]
[BlackElo "2703"]
[TimeControl "180+2"]
[EndTime "14:04:45 PDT"]
[Termination "Semen_Khanin won by resignation"]

1. e4 c5 2. c3 d5 3. exd5 Qxd5 4. d4 Nf6 5. Nf3 e6 6. Na3 cxd4 7. Nb5 Qd8 8. Nbxd4 a6 9. a4 Be7 10. Bd3 O-O 11. Qe2 Qc7 12. O-O Nc6 13. Re1 Nxd4 14. Nxd4 b6 15. Bg5 g6 16. Bxf6 Bxf6 17. Qf3 Bxd4 18.
Qxa8 Bxf2+ 19. Kxf2 Bb7 20. Qxf8+ Kxf8 21. Kg1 Qc5+ 22.
Kh1 Qf2 23. Bf1 Qxb2 24. c4 h5 25. a5 bxa5 26. Rab1 Qf2 27. c5 h4 28. h3 a4 29.
Rec1 Bc6 30. Rb6 Qe3 31. Rc4 Qxh3+ 32. Kg1 Qe3+ 33. Kh1 Bd5 34. c6 Qxb6 35. c7 Bb7 36. c8=Q+ Bxc8 37. Rxc8+ Kg7 0-1

[Event "*** Titled Tuesday Blitz"]
[Site "Chess.com"]
[Date "2019.06.04"]
[Round "5"]
[White "platy3"]
[Black "Korchmar_Vasiliy"]
[Result "0-1"]
[WhiteElo "2806"]
[BlackElo "2790"]
[TimeControl "180+2"]
[EndTime "14:04:49 PDT"]
[Termination "Korchmar_Vasiliy won by resignation"]

1. e4 c5 2. Nf3 d6 3. d4 cxd4 4. Nxd4 Nf6 5. Nc3 Nc6 6. f3 e5 7. Nb3 Be7 8. Be3 O-O 9. Qd2 Be6 10. O-O-O a5 11. Bb5 Na7 12. Bxa7 Rxa7 13. Kb1 Qc7 14. a4 Rd8 15. g4 d5 16. g5 Nh5 17. exd5 Bf5 18.
Ne4 Bb4 19. c3 Bf8 20. Ka1 Nf4 21. d6 Qb8 22. d7 Qc7 23. Qe3 Raa8 24. Rd2 Bxd7 25.
Rhd1 Bxb5 26. Rxd8 Rxd8 27. Rxd8 Qxd8 28. axb5 Qd5 29.
Nc1 Qxb5 30. Ng3 a4 31. h4 a3 32. b3 Qc6 33. Nce2 Qd5 34. Ka2 Qd1 35. Nc1 Qc2+ 0-1

[Event "*** Titled Tuesday Blitz"]
[Site "Chess.com"]
[Date "2019.06.04"]
[Round "5"]
[White "ristingho"]
[Black "vugarrasulov"]
[Result "0-1"]
[WhiteElo "2503"]
[BlackElo "2769"]
[TimeControl "180+2"]
[EndTime "14:04:50 PDT"]
[Termination "vugarrasulov won by resignation"]

1. d4 g6 2. c4 Bg7 3. Nf3 c5 4.
Nc3 cxd4 5. Nxd4 Nc6 6. Nc2 d6 7. e4 Bxc3+ 8. bxc3 Nf6 9. f3 Qa5 10. Qd2 Be6 11. Nd4 Ne5 12. Nxe6 fxe6 13. Rb1 Qc7 14.
Qd4 O-O 15. Bf4 b6 16. Be2 Rac8 17. Bxe5 dxe5 18. Qe3 Qc5 19. Qxc5 Rxc5 20. Rb5 Rfc8 21. Kd2 Kf7 22. Rhb1 Nd7 23. a4 Ke8 24. Rxc5 Nxc5 25. Rb4 Kd7 26. Ke3 Kc6 27. Bd1 g5 28. Bc2 h5 29. g3 h4 30. g4 Rd8 31. Rb1 Rd6 32.
Ke2 Kb7 33. Ke3 Ka6 34. Rb5 Rc6 35. Bd3 Kb7 36. Bc2 Nd7 37. Bb3 Ka6 38. Ke2 Rc5 39. Rb4 Nb8 40. Rb5 Nc6 41. Rxc5 bxc5 42. Kd2 Ka5 43. Kc2 Nb8 44. Kb2 Nd7 45. h3 Nf8 0-1

[Event "*** Titled Tuesday Blitz"]
[Site "Chess.com"]
[Date "2019.06.04"]
[Round "5"]
[White "tteshan"]
[Black "BlackBoarder"]
[Result "0-1"]
[WhiteElo "2247"]
[BlackElo "2535"]
[TimeControl "180+2"]
[EndTime "14:04:51 PDT"]
[Termination "BlackBoarder won by checkmate"]

1. e4 e6 2. d4 d5 3. e5 c5 4. dxc5 Nc6 5. Nf3 Bxc5 6. Bd3 Nge7 7. O-O Ng6 8. Re1 O-O 9. Nc3 a6 10. a3 Bd7 11. Bg5 Qc7 12. Bxg6 fxg6 13. Qd2 Kh8 14.
Rad1 Ba7 15. h3 Rf5 16. Bf4 Raf8 17. Bg3 Rxf3 18. gxf3 Nd4 19. Kg2 Nxf3 20. Qd3 Nxe1+ 21. Rxe1 Bc6 22. Kh2 Qf7 23. f4 Rc8 24. Ne2 Bb5 25.
Qd2 Qf5 26. c3 Bxe2 27. Rxe2 h6 28. Re1 Kh7 29. Rf1 Rc4 30. Kg2 Re4 31. Kh2 Re3 32.
Kg2 Qe4+ 33. Kf2 Re2# 0-1

[Event "*** Titled Tuesday Blitz"]
[Site "Chess.com"]
[Date "2019.06.04"]
[Round "5"]
[White "m3alam"]
[Black "oogee"]
[Result "0-1"]
[WhiteElo "2347"]
[BlackElo "2334"]
[TimeControl "180+2"]
[EndTime "14:04:51 PDT"]
[Termination "oogee won by resignation"]

1. d4 Nf6 2. Nf3 g6 3. g3 Bg7 4. Bg2 O-O 5. O-O d6 6. c4 Nc6 7. Nc3 e5 8. d5 Nb8 9. Ne1 a5 10. Nd3 Na6 11. e4 Nd7 12. Be3 Ndc5 13. Nxc5 Nxc5 14.
Bxc5 dxc5 15. Qd2 f5 16. exf5 gxf5 17. Rae1 Bd7 18. d6 c6 19. Qe3 b6 20. Nd1 Rf6 21. Qxe5 f4 22. Qe4 Bf5 23. Qxc6 Rc8 24. Bd5+ Kh8 25.
Qb7 Qxd6 26. Re7 Rg6 27. Nc3 fxg3 28. fxg3 Rxg3+ 29. hxg3 Qxg3+ 30. Bg2 Bd4+ 31. Kh1 Qh4+ 0-1

[Event "*** Titled Tuesday Blitz"]
[Site "Chess.com"]
[Date "2019.06.04"]
[Round "5"]
[White "Lagmantr"]
[Black "KhazarBabazada"]
[Result "1-0"]
[WhiteElo "2575"]
[BlackElo "2596"]
[TimeControl "180+2"]
[EndTime "14:04:52 PDT"]
[Termination "Lagmantr won by resignation"]

1. e4 Nf6 2. e5 Nd5 3. Nc3 Nxc3 4.
bxc3 d6 5. f4 g6 6. Nf3 Bg7 7.
d4 O-O 8. Bd3 c5 9. O-O cxd4 10.
cxd4 dxe5 11. fxe5 Bg4 12. c3 Nc6 13. Rb1 Na5 14.
h3 Be6 15. Ng5 Bd5 16. Qg4 h5 17. Qh4 Rc8 18. Bd2 f6 19. Bxg6 fxg5 20. Qxh5 Rf6 21. exf6 exf6 22. Bxg5 Rc6 23. Qh7+ Kf8 24. Bh6 Qd7 25.
Qh8+ Bg8 26. Bh7 Qf7 27. Bxg8 Qxg8 28. Bxg7+ 1-0

[Event "*** Titled Tuesday Blitz"]
[Site "Chess.com"]
[Date "2019.06.04"]
[Round "5"]
[White "lachesisQ"]
[Black "Rumpel-VK"]
[Result "1-0"]
[WhiteElo "3068"]
[BlackElo "2547"]
[TimeControl "180+2"]
[EndTime "14:04:53 PDT"]
[Termination "lachesisQ won on time"]

1. e4 d6 2. d4 Nf6 3. Nc3 Nbd7 4. Nf3 e5 5. g4 Nxg4 6. Rg1 Ngf6 7. Bc4 h6 8. Be3 c6 9. dxe5 dxe5 10. Qd3 b5 11.
Bxf7+ Kxf7 12. Nxe5+ Nxe5 13. Qxd8 Nf3+ 14. Kd1 Nxg1 15.
Kc1 Nf3 16. Qc7+ Bd7 17. Qf4 Ng5 18. e5 Ne6 19. Qf3 Be7 20. exf6 gxf6 21. Qh5+ Kg7 22. Kd2 Rad8 23. Rg1+ Ng5 24. Kc1 Kf8 25. h4 Nf7 26.
Ne4 Be6 27. Qg6 Ke8 28. Nxf6+ Bxf6 29. Qxf6 Bd5 30. Bc5 Rd7 31. Re1+ 1-0

[Event "*** Titled Tuesday Blitz"]
[Site "Chess.com"]
[Date "2019.06.04"]
[Round "5"]
[White "cool4chess"]
[Black "chorejason"]
[Result "1-0"]
[WhiteElo "2345"]
[BlackElo "2251"]
[TimeControl "180+2"]
[EndTime "14:04:55 PDT"]
[Termination "cool4chess won by checkmate"]

1. e4 c5 2. Nf3 d6 3. d4 cxd4 4. Nxd4 Nf6 5. Nc3 g6 6. Be3 Bg7 7. f3 O-O 8. Qd2 Nc6 9. O-O-O d5 10. Qe1 e5 11. Nxc6 bxc6 12. exd5 cxd5 13. Bg5 Be6 14. Bc4 Qa5 15. Bxf6 dxc4 16. Bxg7 Kxg7 17. h4 Rab8 18. h5 Qb4 19. Qxe5+ f6 20. Qxe6 Qxb2+ 21. Kd2 Rbd8+ 22. Nd5 c3+ 23. Kd3 Qb5+ 24. Kxc3 Qc5+ 25. Kb2 Rd6 26.
Qe7+ Rf7 27. h6+ Kg8 28. Nxf6+ Rfxf6 29. Qg7# 1-0

[Event "*** Titled Tuesday Blitz"]
[Site "Chess.com"]
[Date "2019.06.04"]
[Round "5"]
[White "Farrukh_Amonatov"]
[Black "enriquetejedor"]
[Result "1-0"]
[WhiteElo "2823"]
[BlackElo "2549"]
[TimeControl "180+2"]
[EndTime "14:04:58 PDT"]
[Termination "Farrukh_Amonatov won by resignation"]

1. e4 c5 2. Nf3 d6 3. d4 cxd4 4. Nxd4 Nf6 5. Nc3 a6 6. f4 Nbd7 7. Bd3 g6 8. Nf3 Bg7 9. O-O O-O 10. Kh1 Nc5 11. Qe1 b5 12. a3 Bb7 13. Bd2 Rc8 14.
Rd1 Nxd3 15. cxd3 Nd7 16. Qh4 e6 17. Qh3 Nc5 18. f5 exf5 19. exf5 Nxd3 20. Ng5 h6 21. f6 Bxf6 22. Qxh6 Bxg5 23. Bxg5 Qd7 24. Bf6 Bxg2+ 25. Kg1 Qa7+ 26. Kxg2 Qb7+ 27. Kg3 1-0

[Event "*** Titled Tuesday Blitz"]
[Site "Chess.com"]
[Date "2019.06.04"]
[Round "5"]
[White "akretchetov"]
[Black "hellokostya"]
[Result "0-1"]
[WhiteElo "2358"]
[BlackElo "2527"]
[TimeControl "180+2"]
[EndTime "14:05:02 PDT"]
[Termination "hellokostya won by resignation"]

1. Nf3 Nf6 2. c4 g6 3. Nc3 Bg7 4. e4 d6 5. d4 O-O 6. h3 Na6 7. Be3 c6 8. Be2 e5 9. d5 Nh5 10. g3 cxd5 11. cxd5 f5 12. Nh2 f4 13. gxf4 Nxf4 14.
Ng4 Ng2+ 15. Kd2 Nxe3 16. fxe3 h5 17. Nh2 Bh6 18. Qg1 Kh7 19. Nf3 Nc5 20. Qg3 Qa5 21.
Bd3 Qb6 22. Nd1 Nxd3 23. Kxd3 Bd7 24. Rg1 Bb5+ 25. Kd2 Qa5+ 26. Nc3 Rf6 27. Ng5+ Bxg5 28. Qxg5 Raf8 29. Rg2 Qb4 30. Rb1 Qc4 31. Nxb5 Rf2+ 32.
Rxf2 Rxf2+ 0-1

[Event "*** Titled Tuesday Blitz"]
[Site "Chess.com"]
[Date "2019.06.04"]
[Round "5"]
[White "LonesomeGeorge1"]
[Black "bugsbunny444"]
[Result "1-0"]
[WhiteElo "2380"]
[BlackElo "2482"]
[TimeControl "180+2"]
[EndTime "14:05:04 PDT"]
[Termination "LonesomeGeorge1 won by resignation"]

1. e4 e6 2. Qe2 c5 3. Nf3 Nc6 4. c3 Nge7 5. d4 cxd4 6. cxd4 d5 7.
Nc3 dxe4 8. Qxe4 g6 9. h4 Bg7 10. Be3 h5 11. Rd1 O-O 12. Bc4 Nb4 13. O-O Nbd5 14.
Bg5 Qc7 15. Bb3 Nxc3 16. bxc3 Nf5 17. c4 Bd7 18. d5 exd5 19. cxd5 Rfe8 20. Qb4 a5 21.
Qd2 a4 22. d6 Qa5 23. Bd5 Qxd2 24. Rxd2 Rab8 25. Bf4 b5 26. Ng5 Nh6 27. Rc1 Rec8 28. Rc7 Rxc7 29. dxc7 Rc8 30. Bxf7+ Nxf7 31. Rxd7 1-0

[Event "*** Titled Tuesday Blitz"]
[Site "Chess.com"]
[Date "2019.06.04"]
[Round "5"]
[White "Satscho"]
[Black "LuisFSiles"]
[Result "1-0"]
[WhiteElo "2267"]
[BlackElo "2169"]
[TimeControl "180+2"]
[EndTime "14:05:05 PDT"]
[Termination "Satscho won by resignation"]

1. e4 e5 2. Nf3 Nc6 3. Bb5 Nf6 4. O-O Nxe4 5. d4 Nd6 6. Bxc6 dxc6 7. dxe5 Ne4 8.
Qxd8+ Kxd8 9. Re1 Nc5 10. Nd4 Ne6 11. Ne2 c5 12. Nbc3 c6 13. Be3 Kc7 14. f4 g6 15.
Kf2 h5 16. g3 b6 17. h3 Ba6 18. Rad1 Rd8 19. Ne4 Nd4 20. Nxd4 cxd4 21. Rxd4 Rxd4 22. Bxd4 Be7 23. e6 Rf8 24. Be5+ Kc8 25. Bd6 Kd8 26. Bxe7+ Kxe7 27. exf7 Kxf7 28. Ng5+ Kg8 29. Re7 Rd8 30. Rxa7 Rd2+ 31. Ke3 Re2+ 32. Kf3 Bb5 33. a4 Bc4 34. b3 Rxc2 35. bxc4 Rc3+ 36. Ke4 Rxc4+ 37. Ke5 1-0

[Event "*** Titled Tuesday Blitz"]
[Site "Chess.com"]
[Date "2019.06.04"]
[Round "5"]
[White "xberli"]
[Black "RU_B9"]
[Result "1-0"]
[WhiteElo "2475"]
[BlackElo "2044"]
[TimeControl "180+2"]
[EndTime "14:05:07 PDT"]
[Termination "xberli won by checkmate"]

1. e4 e5 2. Nf3 Nf6 3. Nxe5 d6 4.
Nf3 Nxe4 5. Nc3 Nxc3 6. dxc3 Be7 7. Be3 Nc6 8. Qd2 Be6 9. Nd4 Nxd4 10. Bxd4 Bf6 11.
O-O-O Bxd4 12. cxd4 d5 13. Bd3 Qd7 14. Qg5 f6 15. Qh5+ Qf7 16. Qf3 O-O-O 17. Rde1 Kb8 18. Re3 Bd7 19. Rhe1 Rde8 20. Kd2 h6 21. Rxe8+ Rxe8 22. Rxe8+ Bxe8 23. Qe3 Bd7 24. a3 b6 25. h4 c6 26. h5 Kb7 27. f3 Qe8 28. Qf4 Qxh5 29. Qd6 Qf7 30. a4 Qe6 31. Qf8 g5 32. Qxh6 c5 33. dxc5 bxc5 34. a5 c4 35. Be2 Qd6 36.
c3 Bf5 37. Qg7+ Ka6 38. Qg8 Qf4+ 39. Kd1 Qe5 40. Qd8 Bd3 41. Bxd3 cxd3 42. Qc8+ Kxa5 43. Qc5+ Ka6 44. Qc6+ Ka5 45. b4# 1-0

[Event "*** Titled Tuesday Blitz"]
[Site "Chess.com"]
[Date "2019.06.04"]
[Round "5"]
[White "IMDT02"]
[Black "Fighter008"]
[Result "0-1"]
[WhiteElo "2474"]
[BlackElo "2643"]
[TimeControl "180+2"]
[EndTime "14:05:10 PDT"]
[Termination "Fighter008 won by resignation"]

1. d4 Nf6 2. Bf4 g6 3. e3 Bg7 4.
Nf3 O-O 5. h3 d6 6. Nbd2 Nfd7 7.
Bh2 e5 8. c3 Nc6 9. Be2 h6 10. O-O f5 11. a4 g5 12. b4 f4 13.
b5 Ne7 14. exf4 exf4 15. Ne1 Nf6 16. Kh1 Bf5 17. Bd3 Qd7 18. Qc2 Rae8 19. f3 h5 20. Bg1 Bxd3 21. Qxd3 Nf5 22. Bf2 g4 23. fxg4 hxg4 24.
hxg4 Nxg4 25. Qh3 Rf6 26. Kg1 Rg6 27. Nef3 Nfe3 28. Bxe3 fxe3 29. Nb3 e2 30. Rfe1 Qe6 31. Nfd2 Bh6 32. g3 Qe3+ 33. Kh1 Nf2+ 0-1

[Event "*** Titled Tuesday Blitz"]
[Site "Chess.com"]
[Date "2019.06.04"]
[Round "5"]
[White "europa2012"]
[Black "Denis_Palkovich"]
[Result "1-0"]
[WhiteElo "2132"]
[BlackElo "2223"]
[TimeControl "180+2"]
[EndTime "14:05:10 PDT"]
[Termination "europa2012 won on time"]

1. d4 d5 2. c4 Bf5 3. cxd5 Bxb1 4. Qa4+ Qd7 5. Qxd7+ Nxd7 6. Rxb1 Ngf6 7. Nf3 g6 8. g3 Nxd5 9. e4 Nb4 10. a3 Nc6 11. Bg2 Bg7 12. Be3 O-O 13. O-O e5 14. d5 Nd4 15. Bxd4 exd4 16. Rfd1 f5 17. Nxd4 fxe4 18.
Ne6 Rf7 19. Nxc7 Rc8 20. Nb5 Rc2 21. Rf1 Rxb2 22. Rxb2 Bxb2 23. Bh3 Kg7 24. Be6 Re7 25. Nxa7 Nc5 26. Nb5 Nxe6 27. dxe6 Rxe6 28. Rb1 Be5 29. Rd1 Re7 30. Re1 Bb8 31. Nc3 Bd6 32.
a4 Bb4 33. Rxe4 1-0